 Dungeon Crawl Stone Soup version 0.24-a0-176-gc3651c4 (webtiles) character file.

Game seed: 11688645983900812009

37951 zero the Severer (level 14, -15/90 HPs)
             Began as a Gargoyle Berserker on Mar 12, 2019.
             Was a High Priest of Trog.
             Demolished by a spatial maelstrom (20 damage)
             ... on level 1 of the Abyss.
             The game lasted 00:20:38 (13789 turns).

zero the Severer (Gargoyle Berserker)              Turns: 13789, Time: 00:20:39

Health: -15/90     AC: 30    Str: 24 (25) XL:     14   Next: 0%
Magic:  11/11      EV:  8    Int: 11      God:    Trog [*****.]
Gold:   657        SH:  5    Dex:  9      Spells: 13/13 levels left

rFire    . . .     SeeInvis .   p - +8 war axe of the Establishment {flame, *Corrode rElec rC++ Stlth+}
rCold    + + +     Gourm    .   A - +0 buckler
rNeg     + + .     Faith    .   F - +0 plate armour {rN+}
rPois    ∞         Spirit   .   M - +2 hat {MR+}
rElec    +         Reflect  .   (no cloak)
rCorr    .         Harm     .   q - +1 pair of gloves {archery}
MR       ++...                  L - +0 pair of boots of Imerori {rC+ Int+2}
Stlth    ..........             (no amulet)
HPRegen  0.25/turn              Q - ring of protection from cold
MPRegen  0.12/turn              (no ring)

@: about to teleport
A: big wings, [deterioration 2], [low mp 2], negative energy resistance 1,
electricity resistance, unbreathing, petrification resistance, rot immunity, AC
+10
a: Fly, Berserk, Trog's Hand, Brothers in Arms, Renounce Religion


You were on level 1 of the Abyss.
You worshipped Trog.
Trog was extremely pleased with you.
You were not hungry.

You visited 2 branches of the dungeon, and saw 15 of its levels.
You visited the Abyss 1 time.
You also visited: Gauntlet.

You collected 1116 gold pieces.
You spent 459 gold pieces at shops.

Inventory:

Hand Weapons
 m - a +0 war axe
 p - the +8 war axe of the Establishment (weapon) {flame, *Corrode rElec rC++ Stlth+}
   (You bought it in a shop on level 7 of the Dungeon)

   It has been specially enchanted to burn those struck by it, causing extra
   injury to most foes and up to half again as much damage against particularly
   susceptible opponents.
   Big, fiery blades are also staple armaments of hydra-hunters.
   It greatly protects you from cold.
   It insulates you from electricity.
   It may corrode you when you take damage.
   It makes you more stealthy.
 N - a +1 broad axe of electrocution
Missiles
 k - 37 tomahawks (quivered)
 y - 4 tomahawks of returning
Armour
 q - a +1 pair of gloves of archery (worn)
 A - a +0 buckler (worn)
 F - a +0 plate armour of positive energy (worn)
 L - the +0 pair of boots of Imerori (worn) {rC+ Int+2}
   (You found it in a Gauntlet)

   It affects your intelligence (+2).
   It protects you from cold.
 M - a +2 hat of magic resistance (worn)
Jewellery
 Q - a ring of protection from cold (left hand)
Wands
 g - a wand of flame (16)
 o - a wand of polymorph (38)
 t - a wand of enslavement (8)
 v - a wand of random effects (45)
 B - a wand of paralysis (12)
 E - a wand of acid (19)
 I - a wand of iceblast (17)
 O - a wand of disintegration (24)
Scrolls
 a - 3 scrolls of enchant weapon
 d - 2 scrolls of identify
 j - 5 scrolls of magic mapping
 n - 6 scrolls of teleportation
 r - 2 scrolls of blinking
 s - 5 scrolls of remove curse
 C - 2 scrolls of fog
Potions
 b - a potion of resistance
 e - 6 potions of might
 f - 8 potions of curing
 h - 2 potions of haste
 i - 4 potions of heal wounds
 l - a potion of cancellation
 u - 3 potions of flight
 w - 3 potions of lignification
 D - a potion of brilliance
 G - 2 potions of invisibility
Comestibles
 c - 24 rations


   Skills:
 + Level 11.1 Fighting
 + Level 16.4 Axes
 - Level 10.0 Armour
 - Level 1.5 Dodging
 + Level 7.1 Shields


You had 13 spell levels left.
You didn't know any spells.
Your spell library was empty.

Dungeon Overview and Level Annotations

Branches:
Dungeon (10/15)            Temple (0/1) D:4            Lair (5/6) D:10
  Swamp (0/4) Lair:3       Spider (0/4) Lair:2        Slime (0/5) Lair:5
    Orc (0/2) D:9

Altars:
Elyvilon
Gozag
Makhleb
Nemelex Xobeh
Okawaru
Ru
Vehumet
Wu Jian
Xom

Shops:
D:4 *:[   D:7 (

Annotations:
Lair:3 exclusion: 2 oklob plants
Lair:5 Sonja


Innate Abilities, Weirdness & Mutations

You are resistant to torment.
Your stone body is resilient. (AC +10)
You are immune to poison.
Your large and strong wings let you fly indefinitely.
You resist negative energy. (rN+)
You are resistant to electric shocks. (rElec)
You can survive without breathing.
You are immune to petrification.
You are immune to rotting.
[Your body often deteriorates upon taking damage.]
[Your magical capacity is very low. (-20% MP)]


Message History

The spatial vortex hits you but does no damage.
You block the spatial maelstrom's attack.
The spatial maelstrom hits you but does no damage.
You hear a chilling moan.
You are too injured to fight recklessly!
You are too injured to fight recklessly!
You are too injured to fight recklessly!
You are too injured to fight recklessly!
You slash the large abomination! You burn the large abomination.
The large abomination is moderately damaged.
You barely miss the spatial maelstrom. You slice the spatial vortex!!
You burn the spatial vortex. You hit the spatial vortex.
The spatial vortex hits you! Space warps horribly around you!
* * * LOW HITPOINT WARNING * * *
Your body deteriorates!
You feel weakened.
The spatial maelstrom hits you but does no damage.
The spatial maelstrom hits you!
* * * LOW HITPOINT WARNING * * *
Space warps horribly around you!!
You die...

. .# # ##.
#. .. .#.
#..# ##..
.##.#
#.#.###...#
#.§v#v# .
#vvX@##...
#....v#..#.
#.##.§.#.#
#u... .#
##.#....#v.
##
##...#.#v..#
#..#u### #.
... # #.##
..# . .
...### .#


You could see 2 very ugly things, a spatial maelstrom, 4 spatial vortices and a
large abomination.

Vanquished Creatures
  A minotaur (Gauntlet)
  2 hydras
  A quicksilver dragon skeleton (Abyss:1)
  2 two-headed ogres (D:8)
  2 tengu warriors (D:10)
  9 death yaks
  A thrashing horror (Abyss:1)
  A wretched star (Abyss:1)
  An unseen horror (D:10)
  An oklob plant (Lair:4)
  4 black mambas
  7 elephants (Lair:4)
  A torpor snail (Gauntlet)
  Joseph (D:10)
  4 spiny frogs
  A centaur skeleton (D:9)
  An orange demon (Abyss:1)
  2 komodo dragons (Lair:3)
  2 rime drakes
  An ancient zyme (Abyss:1)
  A troll (D:10)
  5 polar bears (Lair:3)
  8 hippogriffs
  8 blink frogs
  A redback (Lair:2)
  7 flying skulls (Gauntlet)
  9 yaks
  Grum (D:10)
  A hungry ghost (D:10)
  4 basilisks
  A large abomination (Abyss:1)
  Menkaure (D:7)
  3 chaos spawn (Abyss:1)
  A neqoxec (Abyss:1)
  Duvessa (D:7)
  10 water moccasins
  10 porcupines
  2 ice beasts
  5 orc warriors
  2 small abominations (Abyss:1)
  A phantom (D:7)
  2 sky beasts
  7 black bears
  4 ogres
  5 centaurs
  A necrophage (D:8)
  14 wolves
  9 crocodiles
  10 bullfrogs
  2 gnoll sergeants
  Dowan (D:7)
  2 scorpions
  2 wyvern skeletons
  3 killer bees (D:10)
  3 howler monkeys
  2 electric eels
  5 crimson imps
  A centaur zombie (D:4)
  5 jellies
  6 hounds
  7 orc wizards
  6 orc priests
  A bullfrog skeleton (D:10)
  Jessica (D:3)
  Terence (D:3)
  6 worker ants
  3 iguanas
  A hound zombie (D:10)
  3 hound skeletons
  21 gnolls
  15 adders
  A white imp (Abyss:1)
  2 oozes
  An adder zombie (D:6)
  4 worms
  3 dart slugs
  5 leopard geckos
  32 orcs
  5 giant cockroaches
  8 goblins
  2 hobgoblins
  8 jackals
  4 quokkas
  3 ball pythons (D:1)
  7 bats
  6 frilled lizards
  5 kobolds
  3 rats
  2 fungi (Lair:3)
  A plant (Lair:4)
378 creatures vanquished.

Vanquished Creatures (others)
  An adder skeleton (D:4)
  3 plants
4 creatures vanquished.

Grand Total: 382 creatures vanquished

Notes
Turn   | Place    | Note
-------+----------+-------------------------------------------
     0 | D:1      | zero the Gargoyle Berserker began the quest for the Orb.
     0 | D:1      | Reached XP level 1. HP: 14/14 MP: 1/1
   238 | D:1      | Reached skill level 3 in Axes
   366 | D:1      | Reached XP level 2. HP: 17/19 MP: 2/2
   846 | D:2      | Reached XP level 3. HP: 17/23 MP: 3/3
   857 | D:2      | Reached skill level 4 in Axes
   866 | D:2      | Reached XP level 4. HP: 10/28 MP: 4/4
  1254 | D:2      | Found an opulent altar of Gozag.
  1397 | D:2      | Reached ** piety under Trog
  1905 | D:3      | Noticed Jessica
  1921 | D:3      | Killed Jessica
  1921 | D:3      | Reached skill level 5 in Axes
  1921 | D:3      | Reached XP level 5. HP: 23/32 MP: 5/5
  2061 | D:3      | Reached skill level 6 in Axes
  2061 | D:3      | Reached XP level 6. HP: 29/37 MP: 6/6
  2187 | D:3      | Noticed Terence
  2201 | D:3      | Killed Terence
  2651 | D:4      | Reached skill level 7 in Axes
  2651 | D:4      | Reached XP level 7. HP: 41/41 MP: 7/7
  2719 | D:4      | Found Xikk's Book Boutique.
  2735 | D:4      | Found Irubb's Armour Boutique.
  2744 | D:4      | Bought a +1 pair of gloves of archery for 181 gold pieces
  2779 | D:4      | Reached *** piety under Trog
  2786 | D:4      | Found a staircase to the Ecumenical Temple.
  3024 | D:4      | Found Kaupuniupp's General Store.
  3026 | D:4      | Found a radiant altar of Vehumet.
  3128 | D:4      | Bought a +0 pair of boots for 49 gold pieces
  3164 | D:5      | Entered Level 5 of the Dungeon
  3260 | D:5      | Reached skill level 8 in Axes
  3349 | D:5      | Found a burning altar of Makhleb.
  3389 | D:5      | Reached XP level 8. HP: 44/46 MP: 8/8
  3602 | D:5      | Reached skill level 9 in Axes
  3856 | D:6      | Reached skill level 10 in Axes
  3976 | D:6      | Reached XP level 9. HP: 44/52 MP: 9/9
  4130 | D:6      | Reached skill level 1 in Shields
  4381 | D:6      | Reached **** piety under Trog
  4424 | D:6      | Reached skill level 5 in Fighting
  4523 | D:7      | Noticed Duvessa
  4524 | D:7      | Noticed Dowan
  4530 | D:7      | Killed Duvessa
  4534 | D:7      | Killed Dowan
  4572 | D:7      | Noticed Menkaure
  4576 | D:7      | Killed Menkaure
  4576 | D:7      | Reached skill level 5 in Armour
  4743 | D:7      | Found Miusejoq's Antique Weapon Shop.
  5071 | D:7      | Found an iron altar of Okawaru.
  5106 | D:7      | Found a shimmering altar of Xom.
  5107 | D:7      | Found an ornate altar of the Wu Jian Council.
  5578 | D:7      | Found a sparkling altar of Nemelex Xobeh.
  5794 | D:8      | Reached skill level 5 in Shields
  5900 | D:8      | Noticed a two-headed ogre
  5910 | D:8      | Killed a two-headed ogre
  5910 | D:8      | Reached XP level 10. HP: 59/59 MP: 10/10
  6252 | D:8      | Noticed a two-headed ogre
  6261 | D:8      | Killed a two-headed ogre
  6468 | D:8      | Reached skill level 11 in Axes
  6662 | D:7      | Bought a shimmering war axe for 229 gold pieces
  6662 | D:7      | Identified the +8 war axe of the Establishment {flame,
                  | *Corrode rElec rC++ Stlth+} (You bought it in a shop on
                  | level 7 of the Dungeon)
  6767 | D:9      | Found a sacrificial altar of Ru.
  6851 | D:9      | Found a staircase to the Orcish Mines.
  7140 | D:9      | Found a white marble altar of Elyvilon.
  7315 | D:9      | Got a pitted scale mail
  7326 | D:9      | Identified the +1 scale mail "Hireoz" {rF- rN+ Str+2} (You
                  | found it on level 9 of the Dungeon)
  7349 | D:10     | Entered Level 10 of the Dungeon
  7349 | D:10     | Noticed Grum
  7363 | D:10     | Reached skill level 12 in Axes
  7366 | D:10     | Reached ***** piety under Trog
  7373 | D:10     | Killed Grum
  7550 | D:10     | Reached XP level 11. HP: 56/63 MP: 11/11
  7570 | D:10     | Noticed a tengu warrior
  7577 | D:10     | Noticed a tengu warrior
  7584 | D:10     | Killed a tengu warrior
  7597 | D:10     | Killed a tengu warrior
  7597 | D:10     | Reached skill level 13 in Axes
  7762 | D:10     | Received a gift from Trog
  7845 | D:10     | Found a staircase to the Lair.
  8369 | D:10     | Noticed Joseph
  8382 | D:10     | Killed Joseph
  8576 | D:10     | Killed an unseen horror
  9039 | D:10     | Reached skill level 14 in Axes
  9075 | Lair:1   | Entered Level 1 of the Lair of Beasts
  9897 | Lair:1   | Reached XP level 12. HP: 42/68 MP: 12/12
 10461 | Lair:2   | Reached skill level 15 in Axes
 10493 | Lair:2   | Found a hole to the Spider Nest.
 11236 | Lair:3   | Noticed a death yak
 11237 | Lair:3   | Noticed a death yak
 11238 | Lair:3   | Noticed a death yak
 11238 | Lair:3   | Noticed a death yak
 11248 | Lair:3   | Killed a death yak
 11248 | Lair:3   | Killed a death yak
 11248 | Lair:3   | Reached skill level 16 in Axes
 11253 | Lair:3   | Killed a death yak
 11256 | Lair:3   | Killed a death yak
 11384 | Lair:3   | Noticed an eight-headed hydra
 11391 | Lair:3   | Killed a four-headed hydra
 11564 | Lair:3   | Found a staircase to the Swamp.
 11786 | Lair:4   | Reached XP level 13. HP: 76/76 MP: 13/13
 11992 | Lair:4   | Reached skill level 10 in Armour
 12307 | Lair:4   | Found the +8 whip "Snakebite" {curare, rPois}
 12841 | Lair:5   | Found a staircase to the Slime Pits.
 12859 | Lair:5   | Found a gate leading to a gauntlet.
 12874 | Gauntlet | Entered a Gauntlet
 12874 | Gauntlet | Found a transporter.
 12874 | Gauntlet | Found a transporter.
 12879 | Gauntlet | Found a transporter.
 12888 | Gauntlet | Found a transporter.
 12890 | Gauntlet | Found a transporter.
 12890 | Gauntlet | Found a transporter.
 12895 | Gauntlet | Noticed a minotaur
 12920 | Gauntlet | Found a transporter.
 12949 | Gauntlet | Reached skill level 10 in Fighting
 12964 | Gauntlet | Got a pair of slimy boots
 13043 | Gauntlet | Killed a minotaur
 13043 | Gauntlet | Received a gift from Trog
 13152 | Lair:5   | Identified the cursed +0 pair of boots of Imerori {rC+
                  | Int+2} (You found it in a Gauntlet)
 13535 | Lair:5   | Noticed Sonja
 13551 | Lair:5   | Cast into level 1 of the Abyss (Sonja)
 13782 | Abyss:1  | Noticed a white very ugly thing
 13787 | Abyss:1  | Noticed a white very ugly thing
 13788 | Abyss:1  | Gained mutation: Your large and strong wings let you fly
                  | indefinitely. [Gargoyle growth]
 13788 | Abyss:1  | Reached XP level 14. HP: 63/90 MP: 11/11
 13789 | Abyss:1  | Demolished by a spatial maelstrom

Levels and vault maps discovered:
D:1:      eino_arrival_tree_alley, layout_loops_corners, minmay_cupped
D:2:      layout_loops_ring, nicolae_gozag_cash_rules_everything_around_me
D:3:      layout_basic, uniq_jessica, uniq_terence
D:4:      layout_rooms, fiery_altar_vehumet, minmay_temple_entry_wispy,
          serial_shops, nicolae_shop_crystal, shop, shop, minmay_checkerbox
D:5:      layout_rooms, nicolae_overflow_crystal_walls, first_ration
D:6:      layout_loops_cross, hangedman_decor_growths, serial_bayou_ford_a,
          minmay_misc_feat_iff
D:7:      statuecave_lemuel, layout_basic, nicolae_overflow_hidden_temple,
          serial_shops, shop, grunt_ogre_cave, uniq_menkaure, uniq_duvessa
D:8:      layout_loops_corners, minmay_misc_feat_chi
D:9:      layout_rooms, nicolae_ru_sacrificial_ziggurat, david_orc_2,
          elyvilon_altar_5
D:10:     layout_layer_cave, minmay_lair_entry_grove, grunt_ministairs_8,
          uniq_joseph, uniq_grum
Lair:1:   layout_cave_pods, small_statue_intersection, grunt_megastairs_4,
          lemuel_fruit_fields
Lair:2:   layout_long_grid, spider_nest_entry_webs, infiniplex_staircase_pool
Lair:3:   beast_lair_carwin_large_3, layout_big_grid, swamp_mist,
          minmay_lair_oklob_chamber
Lair:4:   minmay_guarded_unrand_snakebite, layout_hall_layers
Lair:5:   beast_lair_carwin_large_1, layout_cave_pods,
          nicolae_slime_entry_slimehenge, gammafunk_ghost_hydra_chop,
          gauntlet_entry_generic, serial_bayou_pond_a, uniq_sonja
Abyss:1
Gauntlet: gammafunk_gauntlet_shortcut [gammafunk_gauntlet_arena_split_diamond,
          nicolae_gauntlet_arena_flowing_pool,
          gammafunk_gauntlet_arena_chambers, gammafunk_gauntlet_arena_crates,
          gammafunk_gauntlet_arena_grid, nicolae_gauntlet_arena_t_cross,
          gauntlet_exit_green]

Skill      XL: |  1  2  3  4  5  6  7  8  9 10 11 12 13 |
---------------+----------------------------------------+-----
Axes           | 3 4 5 6 7 8 10 12 14 16 | 16.4
Fighting       | 4 5 7 11 | 11.1
Armour         | 3 8 9 10 | 10.0
Shields        | 5 7 |  7.1
Dodging        | |  1.5

Action                   |  1- 3 |  4- 6 |  7- 9 | 10-12 | 13-15 || total
-------------------------+-------+-------+-------+-------+-------++-------
Melee: Hand axe          |    60 |   190 |   191 |       |       ||   441
       War axe           |       |       |   217 |   477 |   216 ||   910
Invok: Berserk           |     2 |     2 |     5 |     4 |     2 ||    15
       Trog's Hand       |       |     3 |     1 |     1 |     3 ||     8
       Brothers in Arms  |       |       |       |     1 |       ||     1
  Use: Scroll            |       |     7 |       |    12 |     6 ||    25
  Eat: Chunk             |     1 |     8 |    15 |    18 |     5 ||    47
       Ration            |       |       |     1 |     1 |     2 ||     4
Armor: Animal skin       |    17 |    12 |       |       |       ||    29
       Scale mail        |       |    81 |   117 |       |       ||   198
       Plate armour      |       |       |   148 |   369 |   142 ||   659
Dodge: Dodged            |    34 |   124 |   154 |   179 |    65 ||   556
Block: Buckler           |       |       |    20 |    96 |    39 ||   155

Table legend:
 A = Non-vault XP
 B = Vault XP
 C = Vault XP percentage of total XP
 D = Non-vault monster count
 E = Vault monster count
 F = Vault count percentage of total count
                 A         B        C        D         E       F
            +---------+---------+-------+---------+---------+-------
      Total |   38192 |   16025 |  29.6 |     295 |      80 |  21.3
            +---------+---------+-------+---------+---------+-------
        D:1 |      20 |      10 |  33.3 |      11 |       6 |  35.3
        D:2 |     113 |       0 |   0.0 |      17 |       0 |   0.0
        D:3 |     238 |      73 |  23.5 |      34 |       2 |   5.6
        D:4 |     315 |      67 |  17.5 |      19 |       2 |   9.5
        D:5 |     692 |       0 |   0.0 |      14 |       0 |   0.0
        D:6 |    1411 |       0 |   0.0 |      42 |       0 |   0.0
        D:7 |     528 |     530 |  50.1 |      15 |       4 |  21.1
        D:8 |    2645 |       0 |   0.0 |      14 |       0 |   0.0
        D:9 |    1045 |     274 |  20.8 |      11 |       6 |  35.3
       D:10 |    4725 |    2904 |  38.1 |      29 |      19 |  39.6
     Lair:1 |    2170 |     936 |  30.1 |      12 |       6 |  33.3
     Lair:2 |    2521 |     225 |   8.2 |      14 |       1 |   6.7
     Lair:3 |    6669 |    1925 |  22.4 |      14 |      10 |  41.7
     Lair:4 |    7893 |    1129 |  12.5 |      25 |       5 |  16.7
     Lair:5 |    2623 |     342 |  11.5 |      10 |       5 |  33.3
    Abyss:1 |    4584 |       0 |   0.0 |      14 |       0 |   0.0
   Gauntlet |       0 |    7610 | 100.0 |       0 |      14 | 100.0
            +---------+---------+-------+---------+---------+-------
